 Dungeon Crawl Stone Soup version 0.31-a0-965-g8a8ce12e04 (webtiles) character file.

Game seed: 10492741522370154593

51 Dordric the Changeling (level 3, -5/23 HPs)
             Began as an Octopode Shapeshifter on Oct 26, 2023.
             Slain by an orc
             ... wielding a +0 flail
              (9 damage)
             ... on level 3 of the Dungeon.
             The game lasted 00:01:41 (1518 turns).

Dordric the Changeling (Octopode Shapeshifter)      Turns: 1518, Time: 00:01:43

Health: -5/23      AC:  1    Str: 15    XL:     3   Next: 81%
Magic:  3/3        EV: 13    Int: 12    God:
Gold:   105        SH:  0    Dex: 11    Spells: 2/2 levels left

rFire   . . .        k - +0 arbalest
rCold   . . .        (shield currently unavailable)
rNeg    . . .        (helmet currently unavailable)
rPois   .            (no amulet)
rElec   .            (no ring)
rCorr   .            (no ring)
SInv    .            (no ring)
Will    .....        (no ring)
Stlth   ++           (no ring)
HPRegen 0.23/turn    (no ring)
MPRegen 0.08/turn    (no ring)
                     (no ring)

%: no passive effects
@: beast-form
A: beast (slay +2), almost no armour, amphibious, 8 rings, camouflage 1,
gelatinous body 1, (nimble swimmer 1), tentacles
a: Begin Untransformation


You were on level 3 of the Dungeon.
You were a hulking beast.
You visited 1 branch of the dungeon, and saw 3 of its levels.

You collected 105 gold pieces.

Inventory:

Hand Weapons
 h - a +0 sling
 k - a +0 arbalest (weapon)
Talismans
 b - a beast talisman
 c - a flux talisman
Scrolls
 d - a scroll of fog {unknown}
 i - 3 scrolls of blinking {unknown}
 l - a scroll of teleportation {unknown}
 m - a scroll of enchant armour {unknown}
Potions
 a - a potion of lignification
 e - 4 potions of curing {unknown}
 f - 2 potions of heal wounds {unknown}
 g - a potion of attraction {unknown}
 j - a potion of mutation {unknown}
 n - a potion of brilliance {unknown}


   Skills:
 - Level 1.0 Fighting
 - Level 2.0 Dodging
 - Level 3.0 Unarmed Combat
 + Level 4.4 Shapeshifting


You had 2 spell levels left.
You didn't know any spells.
Your spell library was empty.

Dungeon Overview and Level Annotations

Branches:
Dungeon (3/15)

Altars:
Cheibriados
Zin


Innate Abilities, Weirdness & Mutations

You are a hulking beast.
Your limbs bulge with bestial killing power. (Slay +2)
You cannot wear most types of armour.
You are amphibious.
You can wear up to eight rings at the same time.
Your skin changes colour to match your surroundings (Stealth+).
Your rubbery body absorbs attacks. (AC +1, EV +1)
((You are camouflaged when in or above water. (Stealth+)))
You have tentacles for arms and can constrict up to eight enemies at once.


Message History

Found a falchion.
You see here a +0 falchion.
A kobold comes into view. It is wielding a +0 club.
Found 5 stones.
You shoot a bolt. The bolt hits the kobold!
You kill the kobold!
You open the door. 2 orcs and an orc wizard come into view.
There are monsters nearby!
There are monsters nearby!
There are monsters nearby!
You shoot a bolt. The bolt hits the orc!
You kill the orc!
An orc comes into view. It is wielding a +0 flail.
You shoot a bolt. The bolt misses the orc wizard.
The orc shouts! x2
The orc wizard hits you with a +0 dagger.
You shoot a bolt. The bolt hits the orc wizard.
The orc wizard is moderately wounded.
The orc barely misses you.
The orc wizard hits you with a +0 dagger.
You shoot a bolt. The bolt hits the orc wizard!
The orc wizard is almost dead.
The orc wizard hits you with a +0 dagger.
The orc wizard barely misses you. The orc hits you with a +0 dagger.
The orc hits you with a +0 flail.
You are too injured to fight recklessly!
You shoot a bolt.
The bolt completely misses the orc wizard.
The orc wizard closely misses you. The orc hits you with a +0 flail.
* * * LOW HITPOINT WARNING * * *
The orc barely misses you. The orc hits you with a +0 dagger.
* * * LOW HITPOINT WARNING * * *
The orc barely misses you.
The orc wizard hits you with a +0 dagger.
* * * LOW HITPOINT WARNING * * *
You shoot a bolt. The bolt hits the orc wizard!
You kill the orc wizard!
The orc hits you with a +0 flail!
You die...

#### .$.. .. .....
... .....
#####++####..
......+..........(
......#)........#
......oh........#
......#o........#
....) #.......).#
.... ###.#.#####
##+ #.#.# #.#.#
#.#.# #.#.# #.###
#.#.# #....


You could see 2 orcs.

Vanquished Creatures
  Jessica (D:2)
  An orc wizard (D:3)
  An orc (D:3)
  5 bats
  An endoplasm (D:1)
  A giant cockroach (D:2)
  2 goblins (D:1)
  2 hobgoblins (D:1)
  A quokka (D:1)
  4 ball pythons
  4 kobolds
23 creatures vanquished.

Notes
Turn   | Place    | Note
-------+----------+-------------------------------------------
     0 | D:1      | Dordric the Octopode Shapeshifter began the quest for the
                  | Orb.
     0 | D:1      | Reached XP level 1. HP: 13/13 MP: 1/1
   251 | D:1      | Reached XP level 2. HP: 18/18 MP: 2/2
   760 | D:2      | Found a faded altar of an unknown god.
  1040 | D:2      | Noticed Jessica
  1050 | D:2      | Killed Jessica
  1051 | D:2      | Reached skill level 4 in Shapeshifting
  1051 | D:2      | Reached XP level 3. HP: 20/23 MP: 3/3
  1095 | D:2      | Found a glowing silver altar of Zin.
  1413 | D:3      | Found a snail-covered altar of Cheibriados.
  1518 | D:3      | Slain by an orc

Illustrated notes

Levels and vault maps discovered:
D:1:      roderic_chinese_lattice_arrival, layout_loops_ring
D:2:      layout_basic, basic_altar, hellmonk_ecumenical_altar_lost_god,
          uniq_jessica
D:3:      layout_basic, mainiacjoe_overflow_cross_hatched,
          gup_sewer_entry_bubbles, kennysheep_generic_room_6

Skill      XL: |  1  2 |
---------------+-------+-----
Shapeshifting  | 4 |  4.4
Fighting       | |  1.0
Dodging        | |  2.0
Unarmed Combat | |  3.0

Action                     || total
---------------------------++-------
  Melee: Unarmed           ||    14
         Tentacles         ||     4
         Constrict         ||     3
   Fire: Sling             ||    33
         Arbalest          ||    12
   Stab: Sleeping          ||     1
 Armour: Skin              ||    20
  Dodge: Dodged            ||    18

Table legend: (Time is in decaauts)
 A = Elapsed time spent in this place.
 B = Non-inter-level travel time spent in this place.
 C = Inter-level travel time spent in this place.
 D = Time resting spent in this place.
 E = Time spent auto-exploring this place.
 F = Levels seen in this place.
 G = Mean time per level.
                   A        B        C        D        E       F      G
               +--------+--------+--------+--------+--------+-----+--------+
         Total |   1538 |   1459 |     79 |      0 |   1283 |   3 |  512.7 |
       Dungeon |   1538 |   1459 |     79 |      0 |   1283 |   3 |  512.7 |
               +--------+--------+--------+--------+--------+-----+--------+

Top non-repeatable levels by time:
     D:1: 764 daAuts
     D:2: 631 daAuts
     D:3: 142 daAuts
